 Dungeon Sprint DCSS version 0.31-a0-150-g89dc3ad700 (webtiles) character file.

Game seed: 6103946673664966508

1948 rocky1 the Severer (level 8, -4/118 HPs)
             Began as a Minotaur Gladiator on June 9, 2023.
             Was an Initiate of Gozag.
             Slain by an orc warrior
             ... wielding a +0 hand axe
              (9 damage)
             ... in the Dungeon (Sprint VII: "The Pits").
             The game lasted 00:03:13 (1155 turns).

rocky1 the Severer (Minotaur Gladiator)             Turns: 1155, Time: 00:03:13

Health: -4/118     AC: 12    Str: 21    XL:     8   Next: 98%
Magic:  7/7        EV: 14    Int:  5    God:    Gozag
Gold:   2160       SH:  0    Dex: 12    Spells: 7/7 levels left

rFire   . . .        s - +1 broad axe (freeze)
rCold   . . .        (no shield)
rNeg    . . .        t - +4 scale mail
rPois   .            c - +0 hat
rElec   .            (no cloak)
rCorr   .            (no gloves)
SInv    .            (no boots)
Will    .....        (no amulet) Stlth
                     (no ring)
HPRegen 0.39/turn    (no ring)
MPRegen 0.10/turn

%: no teleportation
@: berserking (expiring), gold aura, very quick
A: horns 2, retaliatory headbutt
a: Renounce Religion, Potion Petition, Call Merchant, Bribe Branch


You were in the Dungeon.
You worshipped Gozag.
Gozag was most pleased with you.
You visited 1 branch You collected 2160 gold pieces.

Inventory:

Hand Weapons
 a - a +0 war axe
 s - a +1 broad axe of freezing (weapon)
 u - a +2 scimitar of flaming
 v - a +2 heavy dire flail
Missiles
 d - 3 throwing nets (quivered)
 e - a javelin
Armour
 b - a +0 leather armour
 c - a +0 hat (worn)
 o - a +3 scale mail
 t - a +4 scale mail (worn)
Jewellery
 j - a +3 ring of evasion
 p - a +3 ring of strength
Scrolls
 k - a scroll of blinking
 m - 5 scrolls of amnesia
 n - a scroll of summoning
Potions
 f - 7 potions of curing
 g - 12 potions of heal wounds
 h - a potion of haste
 i - 4 potions of magic
 l - 2 potions of invisibility
 q - 2 potions of brilliance


   Skills:
 + Level 10.0 Fighting
 * Level 15.6 Axes
 + Level 4.4 Throwing
 + Level 10.4 Armour
 + Level 10.6 Dodging
 - Level 0.4 Stealth


You had 7 spell levels left.
You didn't know any spells.
Your spell library was empty.

Dungeon Overview and Level Annotations

Branches:
Dungeon (1/1)

Altars:
Ashenzari
Cheibriados
Dithmenos
Elyvilon
Fedhas
Gozag
Hepliaklqana
Kikubaaqudgha
Makhleb
Nemelex Xobeh
Okawaru
Qazlal
Ru
Sif Muna
Trog
Uskayaw
Vehumet
Wu Jian
Xom
Yredelemnul
Zin
The Shining One
Jiyva
Lugonu


Innate Abilities, Weirdness & Mutations

You have a pair of horns on your head.
You reflexively headbutt those who attack you in melee.


Message History

Unknown command.
You barely miss the orc warrior.
The orc warrior is heavily wounded.
You slash the flying skull! You freeze the flying skull.
The orc warrior closely misses you.
The orc warrior hits you with a +0 hand axe!
The flying skull hits you.
You hit the orc warrior. You freeze the orc warrior.
You headbutt the orc warrior, but do no damage.
The orc warrior is severely wounded.
You closely miss the flying skull. You slash the smoke demon!
You freeze the smoke demon.
The orc warrior hits you from afar with a +0 trident!
The orc warrior hits you but does no damage.
The smoke demon gestures at you. The ball of steam hits you!!
* * * LOW HITPOINT WARNING * * *
You closely miss the orc warrior.
The orc warrior is severely wounded.
You hit the smoke demon. You freeze the smoke demon.
You hit the flying skull but do no damage.
You are engulfed in a cloud of scalding steam.
The flying skull misses you.
Unknown command.
You closely miss the orc warrior.
The orc warrior is severely wounded.
You slash the flying skull! You freeze the flying skull.
You destroy the flying skull!
You completely miss the smoke demon.
You are engulfed in a cloud of scalding steam.
The orc warrior hits you but does no damage.
The orc priest invokes the aid of Beogh against you.
Beogh smites you!
* * * LOW HITPOINT WARNING * * *
The smoke demon hits you but does no damage.
The smoke demon barely misses you. The smoke demon hits you.
* * * LOW HITPOINT WARNING * * *
The orc warrior hits you with a +0 hand axe!
You die...
Your body crumbles into a pile of gold.

..'..#####'#####''######
###'###.......##''#
..)..##.......##..##
.....##.......##...##
#'#####...<...###...##+##.
)))[.##.......# ##........
)))..##.......###.o###+###
#######.......##.$##....
..#).###########@o'so....
..#)############.3##o....
#.#.#....#..[.###..# #'##
..#)#....#..[[# ##... ..
#.#.'....'...)# ..##
..#'#....#..).# .##
..).#....#..).# ##
###############


You could see a smoke demon, 2 orc warriors, a redback, an orc priest and an orc
wizard.

Vanquished Creatures
  A deep elf pyromancer (D)
  A polar bear (D)
  A flying skull (D)
  A ynoxinul (D)
  A fire bat (D)
  A floating eye (D)
  An orc warrior (D)
  An ice beast (D)
  5 wolves (D)
  A centaur (D)
  A gnoll sergeant (D)
  A hound (D)
  A jelly (D)
  A gnoll bouda (D)
  9 gnolls (D)
  A river rat (D)
  An ufetubus (D)
  2 orcs (D)
  An endoplasm (D)
  A goblin (D)
  A hobgoblin (D)
  2 jackals (D)
  A quokka (D)
  A jackal skeleton (D)
  A quokka skeleton (D)
39 creatures vanquished.

Notes
Turn   | Place    | Note
-------+----------+-------------------------------------------
     0 | D        | rocky1 the Minotaur Gladiator began the quest for the Orb.
     0 | D        | Reached XP level 1. HP: 18/18 MP: 0/0
    17 | D        | Reached skill level 4 in Axes
    49 | D        | Found a bloodstained altar of Trog.
    49 | D        | Found a shimmering blue altar of Sif Muna.
    49 | D        | Found a viscous altar of Jiyva.
    49 | D        | Found a hazy altar of Hepliaklqana.
    49 | D        | Found an opulent altar of Gozag.
    50 | D        | Found a glowing golden altar of the Shining One.
    50 | D        | Found a glowing silver altar of Zin.
    50 | D        | Found a basalt altar of Yredelemnul.
    50 | D        | Found a shimmering altar of Xom.
    50 | D        | Found an ornate altar of the Wu Jian Council.
    50 | D        | Found a sacrificial altar of Ru.
    50 | D        | Found a stormy altar of Qazlal.
    50 | D        | Found an iron altar of Okawaru.
    50 | D        | Found a sparkling altar of Nemelex Xobeh.
    50 | D        | Found a burning altar of Makhleb.
    50 | D        | Found a blossoming altar of Fedhas.
    50 | D        | Found a white marble altar of Elyvilon.
    50 | D        | Found a shadowy altar of Dithmenos.
    50 | D        | Found a snail-covered altar of Cheibriados.
    54 | D        | Found a corrupted altar of Lugonu.
    54 | D        | Found a radiant altar of Vehumet.
    55 | D        | Found a broken altar of Ashenzari.
    55 | D        | Found an ancient bone altar of Kikubaaqudgha.
    55 | D        | Found a hide-covered altar of Uskayaw.
    63 | D        | Became a worshipper of Gozag Ym Sagoz the Greedy
   125 | D        | Reached XP level 2. HP: 25/25 MP: 1/1
   130 | D        | Reached skill level 5 in Axes
   130 | D        | Reached skill level 1 in Armour
   168 | D        | Reached skill level 5 in Dodging
   168 | D        | Reached XP level 3. HP: 22/31 MP: 2/2
   206 | D        | Noticed an ice beast
   214 | D        | Killed an ice beast
   215 | D        | Reached skill level 7 in Axes
   215 | D        | Reached XP level 4. HP: 41/41 MP: 3/3
   320 | D        | Noticed a fire bat
   325 | D        | Killed a fire bat
   326 | D        | Reached skill level 5 in Fighting
   326 | D        | Reached skill level 9 in Axes
   326 | D        | Reached skill level 5 in Armour
   326 | D        | Reached XP level 5. HP: 48/48 MP: 4/4
   326 | D        | Noticed a centaur
   330 | D        | Reached XP level 6. HP: 56/56 MP: 5/5
   341 | D        | Reached skill level 10 in Axes
   585 | D        | Noticed a ynoxinul
   590 | D        | Killed a ynoxinul
   591 | D        | Reached skill level 11 in Axes
   591 | D        | Reached XP level 7. HP: 56/66 MP: 6/6
   785 | D        | Noticed a polar bear
   787 | D        | Paralysed by a floating eye for 3 turns
   792 | D        | Reached skill level 12 in Axes
   801 | D        | Killed a polar bear
   802 | D        | Reached skill level 13 in Axes
   802 | D        | Reached skill level 10 in Dodging
   802 | D        | Reached XP level 8. HP: 33/75 MP: 7/7
   808 | D        | Reached skill level 14 in Axes
   808 | D        | Reached skill level 10 in Armour
  1136 | D        | Noticed a deep elf pyromancer
  1138 | D        | Noticed a flying skull
  1138 | D        | Noticed a smoke demon
  1148 | D        | Killed a deep elf pyromancer
  1149 | D        | Reached skill level 10 in Fighting
  1149 | D        | Reached skill level 15 in Axes
  1155 | D        | Killed a flying skull
  1155 | D        | HP: 5/118 [smoke demon (1)]
  1155 | D        | Slain by an orc warrior

Illustrated notes

Levels and vault maps discovered:
D:        pitsprint [storerooms_1, entrance_room_1, metal_vault_5, armoury_1,
          mini_pit_1, grid_room_1, main_hall_1, silver_pit, the_coven_3,
          the_vestibule_1, steel_vault_4, golden_pit, hallway_of_sentries,
          crystal_vault_4, iron_vault_4, final_vault]

Skill      XL: |  1  2  3  4  5  6  7  8 |
---------------+-------------------------+-----
Axes           | 4 5 7 9 11 13 15 | 15.6
Dodging        | 4 5 6 8 9 10 | 10.6
Fighting       | 3 4 5 7 8 10 | 10.0
Armour         | 1 3 5 7 9 10 | 10.4
Throwing       | 3 4 |  4.4
Stealth        | |  0.4

Action                     |  1- 3 |  4- 6 |  7- 9 || total
---------------------------+-------+-------+-------++-------
  Melee: War axe           |    27 |    40 |    36 ||   103
         Headbutt          |     2 |     8 |    14 ||    24
         Punch             |       |     1 |     4 ||     5
         Broad axe         |       |       |    22 ||    22
    Use: Potion            |     1 |     2 |     3 ||     6
 Armour: Leather armour    |     6 |       |       ||     6
         Scale mail        |       |     4 |    37 ||    41
  Dodge: Dodged            |    22 |    18 |    43 ||    83

Table legend: (Time is in decaauts)
 A = Elapsed time spent in this place.
 B = Non-inter-level travel time spent in this place.
 C = Inter-level travel time spent in this place.
 D = Time resting spent in this place.
 E = Time spent auto-exploring this place.
 F = Levels seen in this place.
 G = Mean time per level.
                   A        B        C        D        E       F      G
               +--------+--------+--------+--------+--------+-----+--------+
         Total |   1180 |   1122 |     58 |    677 |      0 |   1 | 1180.0 |
       Dungeon |   1180 |   1122 |     58 |    677 |      0 |   1 | 1180.0 |
               +--------+--------+--------+--------+--------+-----+--------+

Top non-repeatable levels by time:
       D: 1180 daAuts
